 Dungeon Crawl Stone Soup version 0.30-a0-719-gcc4359ea44 (webtiles) character file.

Game seed: 4359709522569156191

10808 kae the Transmogrifier (level 11, -1/91 HPs)
             Began as a Demonspawn Transmuter on Jan 26, 2023.
             Was a Priest of Qazlal.
             Killed from afar by an acid dragon (25 damage)
             ... with a splash of acid
             ... on level 10 of the Dungeon.
             The game lasted 00:08:38 (9575 turns).

kae the Transmogrifier (Demonspawn Transmuter)      Turns: 9575, Time: 00:08:39

Health: -1/91      AC:  8    Str: 12    XL:     11   Next: 41%
Magic:  12/21      EV: 16    Int: 16    God:    Qazlal [***...]
Gold:   390        SH:  9    Dex: 15    Spells: 13/23 levels left

rFire   x . .      SeeInvis +      - Unarmed
rCold   + + +      Faith    .    (shield currently unavailable)
rNeg    . . .      Spirit   .    (body armour currently unavailable)
rPois   +          Reflect  +    (helmet currently unavailable)
rElec   .          Harm     .    (cloak currently unavailable)
rCorr   .          Rampage  .    (gloves unavailable)
Will    .....                    (boots currently unavailable)
Stlth   +                        p - amulet of reflection
HPRegen 0.35/turn                E - +5 ring of evasion
MPRegen 0.17/turn                v - ring of see invisible

@: ice-form (expiring)
A: freezing attack, amphibious, boosted hp, large, (claws 3), demonic guardian
1, (spiny 1), (sharp scales 1)
a: End Transformation, Renounce Religion, Upheaval, Elemental Force


You were on level 10 of the Dungeon.
You worshipped Qazlal.
Qazlal was most pleased with you.
You were a creature of crystalline ice.
You visited 1 branch of the dungeon, and saw 10 of its levels.
You also visited: Sewer.

You collected 390 gold pieces.


Innate Abilities, Weirdness & Mutations

You are a creature of crystalline ice.
You have a powerful freezing melee attack.
You are amphibious.
Your maximum health is increased.
Your armour is entirely melded.
You are incapable of wielding weapons or throwing items.
((You have claws for hands.))
A weak demonic guardian rushes to your aid.
((You are partially covered in sharp spines.))
((You are partially covered in razor-sharp scales. (AC +1, Slay +1)))


   Skills:
 + Level 3.8 Fighting
 + Level 3.8 Dodging
 + Level 7.1 Unarmed Combat
 + Level 6.9 Spellcasting
 * Level 9.6 Transmutations
 - Level 6.0 Ice Magic
 - Level 2.0 Poison Magic
 + Level 8.6 Invocations


You had 13 spell levels left.
You knew the following spells:

 Your Spells              Type           Power      Damage    Failure   Level
a - Beastly Appendage     Tmut           72%        N/A       1%          1
b - Wereblood             Tmut           36%        N/A       1%          2
c - Spider Form           Tmut/Pois      24%        N/A       3%          3
d - Ice Form              Ice/Tmut       30%        N/A       4%          4

Your spell library contained the following spells:

 Spells                   Type           Power      Damage    Failure   Level
 Kindle Blastsparks       Fire/Tloc/Air  10%        2d10      36%         3
 Fulminant Prism          Conj/Hex       2%         3d5       77%         4
 Iskenderun's Mystic Bla  Conj/Tloc      5%         2d3       77%         4
 Lee's Rapid Deconstruct  Erth           2%         3d5*      98%         5

Inventory:

Missiles
 e - 94 stones
 g - a throwing net {=f!f}
 r - 14 poisoned darts
 G - 4 curare-tipped darts {=f}
 M - 4 boomerangs
Armour
 a - a +0 robe (melded)
 c - a +0 pair of gloves
   (You found it on level 3 of the Dungeon)
 u - a +1 cloak (melded)
   (You took it off Crazy Yiuf on level 2 of the Dungeon)
Magical Staves
 i - a staff of poison {!a}
   (You found it on level 1 of the Dungeon)
 H - a staff of cold {!a}
   (You found it on level 6 of the Dungeon)
Jewellery
 p - an amulet of reflection (around neck)
   (You found it on level 2 of the Dungeon)
 v - a ring of see invisible (right front paw)
   (You found it on level 7 of the Dungeon)
 E - a +5 ring of evasion (left front paw)
   (You found it on level 6 of the Dungeon)
 T - an amulet of faith {!P}
   (You found it on level 8 of the Dungeon)
Wands
 d - a wand of flame (64)
   (You took it off Sigmund on level 2 of the Dungeon)
 A - a wand of roots (14)
   (You found it on level 5 of the Dungeon)
 C - a wand of light (11)
   (You found it on level 5 of the Dungeon)
 J - a wand of mindburst (19)
   (You found it on level 6 of the Dungeon)
 K - a wand of polymorph (16)
   (You found it on level 6 of the Dungeon)
 O - a wand of paralysis (3)
   (You found it on level 7 of the Dungeon)
Scrolls
 k - 2 scrolls of enchant weapon
 l - 5 scrolls of fear
 n - 6 scrolls of teleportation {@r4}
 s - 2 scrolls of fog
 w - 6 scrolls of blinking {!r}
 x - a scroll of enchant armour
 y - 2 scrolls of brand weapon
 P - a scroll of poison
 Q - a scroll of identify {@r1}
 R - a scroll of magic mapping {!r}
Potions
 b - 4 potions of lignification {!q}
 f - a potion of mutation {!q}
 h - 4 potions of attraction {!q}
 j - 2 potions of invisibility
 m - 2 potions of brilliance
 o - 6 potions of haste {@q3}
 q - 3 potions of curing {@q1}
 t - 2 potions of cancellation
 z - 4 potions of degeneration {!q}
 B - a potion of flight
 D - 2 potions of resistance
 F - 3 potions of might
 I - a potion of ambrosia
 N - a potion of magic
Miscellaneous
 L - a piece from Xom's chessboard (15/15)
   (You found it on level 7 of the Dungeon)

Dungeon Overview and Level Annotations

Branches:
Dungeon (10/15) Zot: 26840  Temple (0/1) D:7            Lair (0/5) D:9
  Sewer (visited)
    Orc: D:9-12

Altars:
Dithmenos
Fedhas
Gozag
Hepliaklqana
Kikubaaqudgha
Qazlal
Vehumet
Wu Jian
Xom

Shops:
D:2 [(

Annotations:
D:3 3 runed translucent doors, gabibbone's ghost, amateur TeSu
D:5 2 transporters, LowRida's ghost, amateur GnRe

..# ..# .. #. .[+ .# .'.
..# . #.# ..# #.#.. ..#
.#.# ..# ...
..#####+#########D######
.............).)Y)......
.....#####...)########.#
.....# ####.........
.....#####............
...........###########
.....########
.............
[....######## .....#


You could see an acid dragon (catching breath).


Message History

You are too injured to fight recklessly!
You are too injured to fight recklessly!
You are too injured to fight recklessly!
You are too injured to fight recklessly!
You punch the two-headed ogre! You freeze the two-headed ogre.
You are too injured to fight recklessly!
You are too injured to fight recklessly!
You punch the two-headed ogre! You freeze the two-headed ogre.
The two-headed ogre misses you.
The two-headed ogre hits you with a +0 giant club. 😮 HP[-3]
You take 3 damage, and now have 58/90 hp.
You are too injured to fight recklessly!
You are too injured to fight recklessly!
You hit the two-headed ogre. You freeze the two-headed ogre.
You feel a bit better.
You kill the two-headed ogre!
Qazlal accepts your kill.
The shadow slips into darkness.
The shadow flickers and vanishes for a moment.
Your Unarmed Combat skill increases to level 7! 😮 HP[+2]
You regained 2 hp, and now have 60/90 hp.
Unknown command.
The centaur shoots an arrow.
The arrow hits the shadow.
The shadow misses you.
The centaur shoots an arrow.
The arrow hits the shadow but does no damage.
Items here: )) ††.
You punch the shadow!
You howl as the wereblood boils in your veins!
The shadow hits you. 😮 HP[-3]
You take 3 damage, and now have 57/90 hp.
You hit the shadow.
You howl as the wereblood boils in your veins!
Your primal bloodlust has ended.
The shadow hits you. 😮 MP[+1]
You punch the shadow!
You destroy the shadow!
Qazlal accepts your kill.
Unknown command. 😮 HP[+1]
You hit the two-headed ogre. You freeze the two-headed ogre.
The two-headed ogre hits you with a +0 giant spiked club!
The two-headed ogre hits you with a +0 giant club.
* * * LOW HITPOINT WARNING * * *
😨 HP[-14]
You take 14 damage, and now have 44/90 hp.
You pummel the two-headed ogre!! You freeze the two-headed ogre.
You punch the two-headed ogre! You freeze the two-headed ogre.
Your transformation is almost over.
The two-headed ogre hits you with a +0 giant spiked club!!
* * * LOW HITPOINT WARNING * * *
You block the two-headed ogre's attack. 😨 HP[-17]
You take 17 damage, and now have 27/90 hp.
You punch the two-headed ogre! You freeze the two-headed ogre.
You kill the two-headed ogre!
Qazlal accepts your kill.
The centaur shoots an arrow.
You reflect the arrow off an invisible shield around you!
The arrow hits the centaur!
The centaur shoots an arrow.
You reflect the arrow off an invisible shield around you!
The arrow hits the centaur but does no damage.
You now have 91 max hp (+1).
The centaur unwields a +3 shortbow.
The centaur hits you.
* * * LOW HITPOINT WARNING * * *
The centaur kicks you but does no damage.
Items here: )) ††. 😨 HP[-2] MP[+1]
You take 2 damage, and now have 25/91 hp.
Unknown command.
You hit the centaur. You freeze the centaur. You block the centaur's attack.
The centaur kicks you but does no damage.
The acid dragon closely misses you.
The acid dragon claws you but does no damage.
You hit the centaur. You freeze the centaur. You block the centaur's attack.
The centaur misses you. The acid dragon spits acid at you.
The splash of acid hits you.
* * * LOW HITPOINT WARNING * * *
You hear a shout! x2 😨 HP[-2]
You take 2 damage, and now have 23/91 hp.
Unknown command.
You hit the centaur. You freeze the centaur.
You kill the centaur!
Qazlal accepts your kill. You block the acid dragon's attack.
The acid dragon misses you. 😨 HP[+1] Unknown command.
You hit the acid dragon but do no damage.
The acid dragon misses you. You block the acid dragon's attack.
You hit the acid dragon. You freeze the acid dragon.
The acid dragon misses you. You block the acid dragon's attack.
You punch the acid dragon! You freeze the acid dragon.
The acid dragon spits acid at you. The splash of acid hits you!!
You die...

Skill      XL: |  1  2  3  4  5  6  7  8  9 10 11 |
---------------+----------------------------------+-----
Transmutations | 2 3 4 5 6 7 9 |  9.6
Unarmed Combat | 3 4 5 6 7 |  7.1
Poison Magic   | 2 |  2.0
Spellcasting   | 3 4 5 6 |  6.9
Ice Magic      | 1 3 4 6 |  6.0
Invocations    | 1 3 4 6 7 8 |  8.6
Dodging        | 3 |  3.8
Fighting       | 2 3 |  3.8

Action                     |  1- 3 |  4- 6 |  7- 9 | 10-12 || total
---------------------------+-------+-------+-------+-------++-------
  Melee: Unarmed           |    73 |   117 |   281 |   185 ||   656
         Kick              |    18 |     6 |       |       ||    24
         Headbutt          |     4 |     5 |       |       ||     9
         Punch             |     2 |       |     1 |     1 ||     4
   Cast: Beastly Appendage |    15 |    17 |       |       ||    32
         Spider Form       |     1 |    11 |     5 |       ||    17
         Wereblood         |       |     4 |     3 |     4 ||    11
         Ice Form          |       |       |    25 |    12 ||    37
 Invoke: Upheaval          |       |       |       |     6 ||     6
    Use: Scroll            |     5 |    13 |     8 |     1 ||    27
         Potion            |       |       |     2 |     1 ||     3
   Stab: Sleeping          |       |     2 |       |       ||     2
         Fleeing           |       |     1 |       |       ||     1
 Armour: Robe              |     8 |    13 |     3 |       ||    24
         Skin              |       |     2 |    75 |    25 ||   102
  Dodge: Dodged            |    48 |    74 |   177 |    89 ||   388
  Block: Other             |       |     6 |   124 |    79 ||   209
         Reflection        |       |       |       |     6 ||     6

Levels and vault maps discovered:
D:1:      noname_arrival_rooms_in_the_neighbourhood, layout_rooms,
          chequers_serial_rivers_micro_a, minmay_tree_intersection
D:2:      minmay_wonky_spiral, layout_loops_corners, serial_shops,
          nicolae_shop_overgrown_old_shop, nicolae_shop_behind_doors,
          ebering_ecumenical_altar_webs, uniq_sigmund, uniq_crazy_yiuf_cottage
D:3:      layout_loops_ring, mainiacjoe_overflow_six_doors_small,
          biasface_ghost_orc_armoury, kennysheep_generic_room_11
D:4:      layout_basic, nicolae_wu_jian_glorious_leap,
          nicolae_kikubaaqudgha_miasma_corner, zin_treasury, uniq_robin
D:5:      layout_rooms, gammafunk_ghost_arena, uniq_eustachio
D:6:      layout_rooms, mainiacjoe_overflow_alcove_2,
          mainiacjoe_overflow_two_lobes, gup_sewer_entry_glass,
          hellmonk_ghost_happy_afterlife
D:7:      layout_cave_pools, xom_butterflies, temple_pool_b
D:8:      layout_loops_ring, grunt_gozag_statues, uniq_maggie
D:9:      layout_rooms, grunt_dithmenos_shadows, minmay_lair_entry_grove,
          serial_aquarium, aquarium_bridge_square [aquarium_subvault_balcony,
          aquarium_subvault_wall, aquarium_subvault_bridge,
          aquarium_subvault_bridge], aquarium_bridge_square
          [aquarium_subvault_bridge, aquarium_subvault_balcony,
          aquarium_subvault_wall, aquarium_subvault_wall], aquarium_window_fake,
          aquarium_window_1, aquarium_window_corridor_1, aquarium_window_1,
          aquarium_view_2g, aquarium_balcony_1b, aquarium_pool_2,
          dreamdust_gnoll_shepherd
D:10:     minmay_the_grid_3x3 [minmay_the_grid_outer_diamond,
          minmay_the_grid_gridbox, minmay_the_grid_small_cups,
          minmay_the_grid_zigzag_pyramid, minmay_the_grid_tree,
          minmay_the_grid_diamond_grid, minmay_the_grid_minigrid_medium,
          minmay_the_grid_tiny_cups, minmay_the_grid_prize_diamond_cup],
          layout_rooms, serial_glass, glass_columns_a, glass_columns_a,
          uniq_erolcha

Notes
Turn   | Place    | Note
-------+----------+-------------------------------------------
     0 | D:1      | kae the Demonspawn Transmuter began the quest for the Orb.
     0 | D:1      | Reached XP level 1. HP: 15/15 MP: 3/3
     0 | D:1      | magus.rc [v1.11.3]
   177 | D:1      | Reached skill level 2 in Transmutations
   211 | D:1      | Gained mutation: A weak demonic guardian rushes to your
                  | aid. [demonic ancestry]
   211 | D:1      | Reached XP level 2. HP: 10/21 MP: 3/5
   290 | D:1      | Learned a level 2 spell: Wereblood
   338 | D:1      | Reached skill level 3 in Unarmed Combat
   403 | D:1      | Gained mutation: You are partially covered in sharp spines.
                  | [demonic ancestry]
   403 | D:1      | Reached XP level 3. HP: 24/26 MP: 4/6
   407 | D:1      | Learned a level 3 spell: Spider Form
   866 | D:2      | Noticed Sigmund
   876 | D:2      | HP: 4/26 [Sigmund/puff of flame (8)]
   878 | D:2      | Killed Sigmund
   879 | D:2      | Reached skill level 3 in Transmutations
   879 | D:2      | Reached skill level 2 in Poison Magic
   879 | D:2      | Gained mutation: You have sharp fingernails. [demonic
                  | ancestry]
   879 | D:2      | Reached XP level 4. HP: 5/32 MP: 4/8
   879 | D:2      | Reached XP level 5. HP: 6/37 MP: 4/9
  1011 | D:2      | Found a runed translucent door.
  1012 | D:2      | Noticed Crazy Yiuf
  1113 | D:2      | Found a faded altar of an unknown god.
  1114 | D:2      | Found Tasu's Armour Shop.
  1540 | D:2      | Found Cacuvec's Antique Weapon Emporium.
  1932 | D:2      | Killed Crazy Yiuf
  1933 | D:2      | Reached skill level 3 in Spellcasting
  1969 | D:2      | Learned a level 4 spell: Ice Form
  2277 | D:3      | Found a stormy altar of Qazlal.
  2380 | D:3      | Became a worshipper of Qazlal Stormbringer
  2428 | D:3      | Reached XP level 6. HP: 41/41 MP: 8/10
  2549 | D:3      | Found a runed translucent gate.
  2549 | D:3      | Found a runed translucent gate.
  2549 | D:3      | Found a runed translucent gate.
  2553 | D:3      | Noticed gabibbone's ghost (amateur TeSu)
  2554 | D:3      | Identified the +2 leather armour "Neukhluve" {rElec}
  2624 | D:3      | Reached skill level 4 in Transmutations
  3050 | D:4      | Found an ancient bone altar of Kikubaaqudgha.
  3353 | D:4      | Reached skill level 1 in Ice Magic
  3553 | D:4      | Noticed Robin
  3561 | D:4      | Reached * piety under Qazlal
  3565 | D:4      | Reached skill level 1 in Invocations
  3566 | D:4      | HP: 10/43 [goblin/+0 club[Robin] (7)]
  3690 | D:4      | Killed Robin
  3711 | D:4      | Found an ornate altar of the Wu Jian Council.
  4093 | D:5      | Entered Level 5 of the Dungeon
  4120 | D:5      | Reached XP level 7. HP: 48/48 MP: 8/12
  4122 | D:5      | Reached skill level 2 in Ice Magic
  4137 | D:5      | Reached skill level 4 in Unarmed Combat
  4139 | D:5      | Reached skill level 2 in Invocations
  4146 | D:5      | HP: 11/48 [orc/+0 dagger (3)]
  4299 | D:5      | Found a transporter.
  4304 | D:5      | Noticed LowRida's ghost (amateur GnRe)
  4305 | D:5      | Noticed a two-headed ogre
  4426 | D:5      | Reached skill level 5 in Transmutations
  4430 | D:5      | Reached skill level 3 in Ice Magic
  4435 | D:5      | You pick up a book of Blasting and begin reading...
  4435 | D:5      | You add the spells Kindle Blastsparks, Fulminant Prism,
                  | Iskenderun's Mystic Blast and Lee's Rapid Deconstruction to
                  | your library.
  4610 | D:5      | Found a transporter.
  4710 | D:5      | Noticed Eustachio
  4752 | D:5      | Killed Eustachio
  4753 | D:5      | Reached skill level 4 in Spellcasting
  4753 | D:5      | Reached skill level 3 in Invocations
  4753 | D:5      | Gained mutation: You are partially covered in razor-sharp
                  | scales. (AC +1, Slay +1) [demonic ancestry]
  4753 | D:5      | Reached XP level 8. HP: 40/54 MP: 12/14
  4901 | D:5      | Reached ** piety under Qazlal
  5019 | D:6      | Found a glowing drain.
  5039 | Sewer    | Entered a sewer
  5422 | D:6      | Found a radiant altar of Vehumet.
  5458 | D:6      | Reached skill level 4 in Ice Magic
  5458 | D:6      | Reached skill level 4 in Invocations
  5604 | D:6      | Noticed MoonlitKnight's ghost (novice HOMo)
  5608 | D:6      | Found a runed translucent door.
  5641 | D:6      | Reached skill level 6 in Transmutations
  5723 | D:6      | Reached skill level 5 in Unarmed Combat
  5864 | D:6      | Found a blossoming altar of Fedhas.
  5867 | D:6      | Reached XP level 9. HP: 59/59 MP: 10/16
  5959 | D:6      | Found a hazy altar of Hepliaklqana.
  6201 | D:6      | HP: 15/70 [MoonlitKnight's ghost (18)]
  6206 | D:6      | Killed MoonlitKnight's ghost
  6207 | D:6      | Reached skill level 5 in Spellcasting
  6207 | D:6      | Reached skill level 5 in Ice Magic
  6207 | D:6      | Reached skill level 5 in Invocations
  6528 | D:7      | Reached skill level 7 in Transmutations
  6540 | D:7      | Reached *** piety under Qazlal
  6652 | D:7      | Found a shimmering altar of Xom.
  6761 | D:7      | Found a staircase to the Ecumenical Temple.
  7133 | D:8      | Reached skill level 6 in Ice Magic
  7133 | D:8      | Reached skill level 6 in Invocations
  7384 | D:8      | Found an opulent altar of Gozag.
  7420 | D:8      | Noticed Maggie
  7430 | D:8      | HP: 12/70 [Maggie/+1 glaive of flaming (9)]
  7436 | D:8      | Killed Maggie
  8076 | D:9      | Gained mutation: You have very sharp fingernails. [demonic
                  | ancestry]
  8076 | D:9      | Reached XP level 10. HP: 64/65 MP: 11/18
  8269 | D:9      | Reached skill level 6 in Unarmed Combat
  8269 | D:9      | Reached skill level 8 in Transmutations
  8286 | D:9      | Paralysed by a hornet for 1 turns
  8287 | D:9      | HP: 19/78 [poisoned by a hornet]
  8287 | D:9      | HP: 8/78 [hornet (11)]
  8473 | D:9      | Reached skill level 7 in Invocations
  8522 | D:9      | Reached skill level 6 in Spellcasting
  8631 | D:9      | Noticed a two-headed ogre
  8636 | D:9      | Killed a two-headed ogre
  8637 | D:9      | Reached skill level 2 in Dodging
  8769 | D:9      | Reached skill level 2 in Fighting
  8857 | D:9      | Found a staircase to the Lair.
  9144 | D:9      | Found a shadowy altar of Dithmenos.
  9151 | D:9      | Reached skill level 9 in Transmutations
  9410 | D:10     | Entered Level 10 of the Dungeon
  9413 | D:10     | Noticed a two-headed ogre
  9417 | D:10     | Reached skill level 3 in Dodging
  9422 | D:10     | Killed a two-headed ogre
  9428 | D:10     | Gained mutation: You have claws for hands. [demonic
                  | ancestry]
  9428 | D:10     | Reached XP level 11. HP: 74/74 MP: 15/20
  9513 | D:10     | Reached skill level 3 in Fighting
  9513 | D:10     | Reached skill level 8 in Invocations
  9529 | D:10     | Noticed a two-headed ogre
  9535 | D:10     | Killed a two-headed ogre
  9545 | D:10     | Noticed a two-headed ogre
  9547 | D:10     | Noticed a two-headed ogre
  9560 | D:10     | Killed a two-headed ogre
  9561 | D:10     | Reached skill level 7 in Unarmed Combat
  9568 | D:10     | Killed a two-headed ogre
  9575 | D:10     | Killed from afar by an acid dragon

Vanquished Creatures
  4 two-headed ogres
  The ghost of MoonlitKnight the Cleaver, a novice HOMo of Makhleb (D:6)
  A gargoyle (D:10)
  Maggie (D:8)
  A hornet (D:9)
  A dream sheep (D:9)
  2 shadows
  A wraith (D:6)
  Eustachio (D:5)
  Sigmund (D:2)
  3 wyverns
  10 yaks
  A steam dragon (D:6)
  An acid dragon (D:10)
  5 water moccasins
  3 ice beasts
  An orc warrior (D:9)
  A black bear (D:5)
  A centaur (D:10)
  A phantom (D:5)
  4 kobold brigands
  5 bullfrogs
  2 necrophages
  6 scorpions
  4 gnoll sergeants
  5 hounds
  4 jellies
  4 orc priests
  3 gnoll boudas
  Crazy Yiuf (D:2)
  4 iguanas
  4 orc wizards
  Robin (D:4)
  24 gnolls
  7 adders
  A shadow imp (D:8)
  A white imp (D:6)
  An ufetubus (D:6)
  A worm (D:3)
  23 orcs
  9 bats
  9 endoplasms
  7 giant cockroaches
  18 goblins
  5 hobgoblins
  12 jackals
  A quokka (D:5)
  6 ball pythons
  2 frilled lizards
  17 kobolds
  8 rats
  A butterfly (D:7)
241 creatures vanquished.

Vanquished Creatures (collateral kills)
  A two-headed ogre (D:10)
  A shadow imp (D:7)
  A white imp (D:7)
  A ball python (D:4)
  2 goblins (D:4)
  A hobgoblin (D:4)
7 creatures vanquished.

Vanquished Creatures (others)
  3 bushes (D:9)
  2 fungi (D:9)
  35 plants
40 creatures vanquished.

Grand Total: 288 creatures vanquished

Table legend:
 A = Non-vault XP
 B = Vault XP
 C = Vault XP percentage of total XP
 D = Non-vault monster count
 E = Vault monster count
 F = Vault count percentage of total count
                 A         B        C        D         E       F
            +---------+---------+-------+---------+---------+-------
      Total |    7929 |    7511 |  48.6 |     179 |      68 |  27.5
            +---------+---------+-------+---------+---------+-------
        D:1 |      45 |       0 |   0.0 |      26 |       0 |   0.0
        D:2 |      32 |     259 |  89.0 |      14 |       6 |  30.0
        D:3 |      74 |       2 |   2.6 |      20 |       1 |   4.8
        D:4 |     167 |      35 |  17.3 |      17 |      12 |  41.4
        D:5 |     953 |     214 |  18.3 |      26 |       1 |   3.7
        D:6 |    1064 |     792 |  42.7 |      15 |       3 |  16.7
        D:7 |     664 |       0 |   0.0 |      18 |       0 |   0.0
        D:8 |     464 |     439 |  48.6 |       7 |       2 |  22.2
        D:9 |    1842 |    2798 |  60.3 |      24 |      15 |  38.5
       D:10 |    2624 |    2756 |  51.2 |      12 |       7 |  36.8
      Sewer |       0 |     216 | 100.0 |       0 |      21 | 100.0
            +---------+---------+-------+---------+---------+-------

Illustrated notes

Table legend:
 A = Kills in this place as a percentage of kills in entire the game.
 B = Kills by you in this place as a percentage of kills by you in the entire game.
 C = Kills by friends in this place as a percentage of kills by friends in the entire game.
 D = Other kills in this place as a percentage of other kills in the entire game.
 E = Experience gained in this place as a percentage of experience gained in the entire game.
 F = Experience gained in this place divided by the number of levels of this place that you have seen.
                   A       B       C       D       E      F
               +-------+-------+-------+-------+-------+----------------------
         Total | 100.0 | 100.0 | 100.0 |   N/A | 100.0 | 1403.6
       Dungeon |  91.5 |  91.2 | 100.0 |   N/A |  98.6 | 1522.4
         Sewer |   8.5 |   8.8 |   0.0 |   N/A |   1.4 | 216.0
               +-------+-------+-------+-------+-------+----------------------

Table legend: (Time is in decaauts)
 A = Elapsed time spent in this place.
 B = Non-inter-level travel time spent in this place.
 C = Inter-level travel time spent in this place.
 D = Time resting spent in this place.
 E = Time spent auto-exploring this place.
 F = Levels seen in this place.
 G = Mean time per level.
                   A        B        C        D        E       F      G
               +--------+--------+--------+--------+--------+-----+--------+
         Total |   9536 |   9252 |    284 |    154 |   7607 |  11 |  866.9 |
       Dungeon |   9170 |   8886 |    284 |    154 |   7341 |  10 |  917.0 |
         Sewer |    366 |    366 |      0 |      0 |    266 |   1 |  366.0 |
               +--------+--------+--------+--------+--------+-----+--------+

Top non-repeatable levels by time:
     D:2: 1394 daAuts
     D:9: 1217 daAuts
     D:4: 1146 daAuts
     D:8: 1073 daAuts
     D:6: 1018 daAuts
     D:5: 917 daAuts
     D:3: 790 daAuts
     D:1: 749 daAuts
     D:7: 702 daAuts
   Sewer: 366 daAuts
    D:10: 158 daAuts
